Description

Grandmaster Dropship build

Build Order

Get SALT Encoding   

  13  0:00  SCV  
  14  0:13  SCV  
  14  0:19  Supply Depot  
  15  0:25  SCV  
  15  0:30  Refinery  
  16  0:40  SCV  
  16  0:48  Barracks  
  17  0:52  SCV  
  17  0:59  Refinery  
  18  1:05  SCV  
  19  1:17  SCV  
  19  1:36  Reactor  
  19  1:37  Factory  
  19  1:40  Orbital Command  
  19  1:49  Supply Depot  
  20  2:07  SCV  
  21  2:13  Marine x2  
  22  2:21  Tech Lab  
  22  2:23  Starport  
  23  2:30  Marine  
  24  2:31  Marine  
  24  2:34  Supply Depot  
  27  2:44  Siege Tank  
  28  2:52  Marine x2  
  32  2:59  Medivac  
  31  3:08  Supply Depot  
  32  3:10  Marine x2  
  36  3:24  Siege Tank  
  37  3:29  Marine  
  40  3:39  Liberator  
  41  3:46  Marine  
  42  3:47  SCV  
  42  3:52  Supply Depot  
  43  3:58  Marine  
  43  4:05  Bunker  
  44  4:10  Marine  
  47  4:17  Siege Tank  
Spawning Tool Build Advisor. Get it on Overwolf

Go to:

Details

  • Created by: sackzii
  • Published on: Feb 05, 2017
  • Modified on: Feb 05, 2017
  • Patch: 3.8.0
Show
View Real Time Build Order
Export as new Build Order

Comments (2)

On Feb. 9, 2017, 8:01 a.m., Ryu  said:

This looks more like a 1 base all-in or cheese over a timing attack

On Feb. 9, 2017, 8 a.m., Ryu  said:

This looks more like a 1 base all-in or cheese over a timing attack

Create an account to comment!